 Dungeon Crawl Stone Soup version 0.29-a0-321-gf1c400731a (webtiles) character file.

Game seed: 13524125537325390434

6088 wakim the Zephyrmancer (level 10, 0/64 HPs)
             Began as a Tengu Air Elementalist on Apr 3, 2022.
             Was a Believer of Vehumet.
             Slain by a seven-headed hydra (6 damage)
             ... while petrified by a basilisk
             ... on level 8 of the Dungeon.
             The game lasted 00:44:29 (14566 turns).

wakim the Zephyrmancer (Tengu Air Elementalist)    Turns: 14566, Time: 00:44:30

Health: 0/64       AC:  6    Str: 12    XL:     10   Next: 88%
Magic:  9/19       EV:  2    Int: 25    God:    Vehumet [**....]
Gold:   593        SH:  0    Dex: 15    Spells: 4/20 levels left

rFire   + . .      SeeInvis .   b - staff of fire
rCold   . . .      Faith    .   (no shield)
rNeg    + + +      Spirit   .   Z - +1 leather armour of the Sneaky Hosts {Rampage rPois Str+3}
rPois   ∞          Reflect  .   (helmet restricted)
rElec   .          Harm     .   (no cloak)
rCorr   +          Rampage  +   J - +1 pair of gloves
Will    .....                   (boots unavailable)
Stlth   ++........              (no amulet)
HPRegen 0.20/turn               X - ring of resist corrosion
MPRegen 0.16/turn               V - +6 ring of intelligence

@: petrified, flying quickly and evasively, quick
A: beak, talons 3, nimble flight
a: Renounce Religion


You were on level 8 of the Dungeon.
You worshipped Vehumet.
Vehumet was pleased with you.
You visited 2 branches of the dungeon, and saw 9 of its levels.
You also visited: Bailey.

You collected 593 gold pieces.

Inventory:

Missiles
 O - 2 throwing nets {=f!f}
 P - a curare-tipped dart {=f}
Armour
 H - the +1 plate armour of Noughts and Crosses {rN++ Stlth+}
   (You found it in a bailey)

   rN:        It greatly protects you from negative energy.
   Stlth:     It makes you more stealthy.
 I - the +0 ring mail of Circular Logic {Harm Str+5}
   (You found it in a bailey)

   Str:       It affects your strength (+5).
   Harm:      It increases damage dealt and taken.
 J - a +1 pair of gloves (worn)
 W - +0 steam dragon scales
 Z - the +1 leather armour of the Sneaky Hosts (worn) {Rampage rPois Str+3}
   (You found it on level 4 of the Dungeon)

   Str:       It affects your strength (+3).
   rPois:     It protects you from poison.
   Rampage:   It bestows one free step when moving towards enemies.
Magical Staves
 a - a staff of conjuration
 b - a staff of fire (weapon)
Jewellery
 V - a +6 ring of intelligence (right hand)
 X - a ring of resist corrosion (left hand)
Wands
 t - a wand of digging (3)
 w - a wand of acid (14)
 x - a wand of iceblast (8)
Scrolls
 T - 5 scrolls of teleportation
 Y - 4 scrolls of enchant weapon
Potions
 B - 2 potions of attraction {!q}
 E - a potion of cancellation {unknown}
 F - 2 potions of curing
 G - a potion of flight
 K - a potion of magic
 L - 2 potions of lignification {!q}
 M - 3 potions of mutation {!q}
 N - 3 potions of might
 Q - a potion of brilliance {unknown}
 R - a potion of haste {unknown}


   Skills:
 + Level 7.9 Fighting
 - Level 2.1 Dodging
 - Level 2.0 Stealth
 * Level 5.7 Spellcasting
 + Level 9.3 Conjurations
 * Level 6.9 Fire Magic
 + Level 10.1 Air Magic
 - Level 4.0 Poison Magic


You had 4 spell levels left.
You knew the following spells:

 Your Spells              Type           Power      Damage    Failure   Level
a - Shock                 Conj/Air       100%       1d9       1%          1
b - Airstrike             Air            27%        N/A       1%          4
c - Ignite Poison         Fire/Tmut/Pois 38%        N/A       7%          3
d - Static Discharge      Conj/Air       54%        N/A       1%          2
q - Sticky Flame          Conj/Fire      64%        2d8       3%          4
x - Poisonous Vapours     Pois/Air       84%        N/A       1%          2

Your spell library contained the following spells:

 Spells                   Type           Power      Damage    Failure   Level
 Scorch                   Fire           100%       2d10      1%          2
 Corpse Rot               Necr/Air       64%        N/A       1%          2
 Conjure Flame            Conj/Fire      64%        6-21      1%          3
 Mephitic Cloud           Conj/Pois/Air  46%        N/A       1%          3
 Swiftness                Air            55%        N/A       1%          3
 Beastly Appendage        Tmut           14%        N/A       10%         1
 Spider Form              Tmut/Pois      17%        N/A       13%         3
 Sublimation of Blood     Necr           7%         N/A       14%         2
 Wereblood                Tmut           7%         N/A       14%         2
 Confusing Touch          Hex            7%         N/A       28%         3
 Fireball                 Conj/Fire      32%        3d14      10%         5
 Freezing Cloud           Conj/Ice/Air   19%        6-21      19%         5
 Starburst                Conj/Fire      32%        6d10      47%         6
 Yara's Violent Unravell  Hex/Tmut       3%         3d4       95%         5
 Enfeeble                 Hex            3%         N/A       100%        7
 Summon Hydra             Summ           3%         N/A       100%        7
 Ignition                 Fire           29%        3d9       100%        8


Dungeon Overview and Level Annotations

Branches:
Dungeon (8/15)             Temple (1/1) D:5          Bailey (visited)
   Lair: D:8-11

Altars:
Dithmenos
Hepliaklqana
Kikubaaqudgha
Nemelex Xobeh
Qazlal
Ru
Sif Muna
Trog
Uskayaw
Vehumet
Xom
Yredelemnul
Zin
The Shining One

Annotations:
D:7 2 transporters, wakim's ghost, novice TeAE


Innate Abilities, Weirdness & Mutations

You have a beak for a mouth.
You have claws for feet.
Your magical nature lets you fly swiftly and evasively.


Message History

The basilisk burns!
The basilisk bites you! 49/64 (-7)
The basilisk burns!
The basilisk bites you! 35/64 (-14)
The basilisk burns!
A gnoll comes into view. It is wielding a +0 whip.
The basilisk gazes at you.
You are slowing down.
The basilisk burns!
Your limbs are stiffening. 36/64 (+1)
The basilisk burns! x2
You kill the basilisk!
Vehumet accepts your kill.
You feel your power returning.
You have turned to stone.
The seven-headed hydra bites you!
* * * LOW HITPOINT WARNING * * *
The seven-headed hydra bites you!
* * * LOW HITPOINT WARNING * * *
The seven-headed hydra bites you!
* * * LOW HITPOINT WARNING * * *
The seven-headed hydra bites you!
* * * LOW HITPOINT WARNING * * *
The seven-headed hydra bites you but does no damage.
The seven-headed hydra bites you!
* * * LOW HITPOINT WARNING * * *
The seven-headed hydra bites you!
* * * LOW HITPOINT WARNING * * *
The seven-headed hydra bites you.
The seven-headed hydra barely misses you.
The seven-headed hydra bites you.
* * * LOW HITPOINT WARNING * * *
The seven-headed hydra completely misses you.
The seven-headed hydra bites you but does no damage.
The seven-headed hydra bites you.
* * * LOW HITPOINT WARNING * * *
The seven-headed hydra bites you!
* * * LOW HITPOINT WARNING * * *
The seven-headed hydra bites you but does no damage.
The seven-headed hydra bites you!
You die...

..#.)#.######.##### ##...##
..#.)....#........# ##.....##
†.#..#)#.#.##.#.#.# ##.......##
#......#.#.##.....###.........###
..#.......g...))....'...D...D.D..
..#.####.#.##....†###.........###
..#.# #.#.###..#.# ##.......##
..#.####.#.###.##D# ##.....##
###......#......@.# ##...##
#..#########.#### ##'## #..# #.#
#.# #..# #.# ####.###### #..# #D#
#.........# #..#
#.#######.###.###D# #..#
#.........# #..##.# #..####
####..######.###.###.##
#..##.###.###.###.##.....# #...


You could see a seven-headed hydra.

Vanquished Creatures
  A two-headed ogre (D:8)
  A gargoyle (Bailey)
  A hornet (D:7)
  A wyvern (D:7)
  A basilisk (D:8)
  A steam dragon (D:6)
  A water moccasin (D:7)
  Edmund (D:5)
  Duvessa (D:5)
  2 orc warriors
  3 sky beasts
  6 black bears
  2 ice beasts
  An ogre (D:5)
  3 centaurs
  2 phantoms
  2 kobold brigands
  Blork the orc (D:6)
  A gnoll sergeant (D:6)
  5 bullfrogs
  3 scorpions
  2 necrophages
  6 wights
  Dowan (D:5)
  7 vampire bats (Bailey)
  A howler monkey (D:8)
  4 wolf zombies (Bailey)
  2 jellies
  7 orc priests
  3 hounds
  4 iguanas
  Ijyb (D:3)
  3 orc wizards
  5 gnolls (D:6)
  6 adders
  2 shadow imps
  5 white imps
  An ufetubus (D:5)
  3 worms
  2 dart slugs
  26 orcs
  10 ball pythons
  5 bats
  9 endoplasms
  6 giant cockroaches
  13 goblins
  12 hobgoblins
  8 jackals
  3 quokkas
  A frilled lizard (D:3)
  13 kobolds
  17 orc zombies (Bailey)
  A rat (D:3)
  A spectral kobold (D:3)
230 creatures vanquished.

Vanquished Creatures (others)
  8 fungi (D:3)
  22 plants
30 creatures vanquished.

Grand Total: 260 creatures vanquished

Notes
Turn   | Place    | Note
-------+----------+-------------------------------------------
     0 | D:1      | wakim the Tengu Air Elementalist began the quest for the
                  | Orb.
     0 | D:1      | Reached XP level 1. HP: 10/10 MP: 4/4
   343 | D:1      | Reached XP level 2. HP: 15/15 MP: 0/6
   419 | D:1      | Learned a level 2 spell: Static Discharge
  1358 | D:1      | Reached XP level 3. HP: 20/20 MP: 5/7
  2053 | D:2      | Reached skill level 1 in Fighting
  2434 | D:2      | Reached XP level 4. HP: 25/25 MP: 2/8
  2569 | D:2      | Learned a level 4 spell: Airstrike
  3001 | D:3      | Found a sacrificial altar of Ru.
  3079 | D:3      | Reached skill level 5 in Air Magic
  3178 | D:3      | Found a faded altar of an unknown god.
  3250 | D:3      | HP: 1/25 [goblin/sling bullet (4)]
  3652 | D:3      | Gained mutation: Your magical nature lets you fly swiftly
                  | and evasively. [Tengu growth]
  3652 | D:3      | Reached XP level 5. HP: 20/29 MP: 3/9
  3944 | D:3      | Found a bloodstained altar of Trog.
  3972 | D:3      | Found a sparkling altar of Nemelex Xobeh.
  4109 | D:3      | Noticed Ijyb
  4159 | D:3      | Killed Ijyb
  4431 | D:3      | Identified the +4 ring mail of the Fiend {Str+2}
  4903 | D:4      | Reached XP level 6. HP: 20/35 MP: 4/11
  5082 | D:4      | Noticed a black bear
  5296 | D:4      | Reached skill level 6 in Air Magic
  5432 | D:3      | Reached skill level 5 in Conjurations
  5812 | D:4      | Learned a level 2 spell: Poisonous Vapours
  5828 | D:4      | Reached XP level 7. HP: 40/40 MP: 6/12
  6067 | D:4      | Found a shimmering altar of Xom.
  6080 | D:4      | Identified the +1 leather armour of the Sneaky Hosts
                  | {Rampage rPois Str+3}
  6418 | D:5      | Entered Level 5 of the Dungeon
  6430 | D:5      | Noticed Duvessa
  6446 | D:5      | Noticed Dowan
  6499 | D:5      | Learned a level 3 spell: Ignite Poison
  6559 | D:5      | Reached skill level 7 in Air Magic
  6564 | D:5      | Reached skill level 1 in Fire Magic
  6564 | D:5      | Reached skill level 1 in Poison Magic
  7071 | D:5      | Reached XP level 8. HP: 32/46 MP: 10/14
  7215 | D:5      | Found a hide-covered altar of Uskayaw.
  7531 | D:5      | Found a staircase to the Ecumenical Temple.
  7923 | D:6      | Noticed Blork the orc
  7926 | D:6      | Killed Blork the orc
  7976 | D:6      | Noticed Edmund
  7984 | D:5      | Killed Edmund
  8178 | Temple   | Entered the Ecumenical Temple
  8207 | Temple   | Became a worshipper of Vehumet
  8273 | D:5      | Killed Duvessa
  8305 | D:5      | Killed Dowan
  8438 | D:6      | Reached XP level 9. HP: 49/51 MP: 10/16
  8558 | D:5      | Reached skill level 5 in Fighting
  8558 | D:5      | Reached skill level 8 in Air Magic
  9220 | D:6      | Reached * piety under Vehumet
  9220 | D:6      | Offered knowledge of Freeze by Vehumet.
  9356 | D:6      | Learned a level 4 spell: Sticky Flame
 10269 | D:7      | Reached skill level 5 in Spellcasting
 10285 | D:7      | Noticed a hornet
 10587 | D:7      | Reached skill level 9 in Air Magic
 10587 | D:7      | Reached XP level 10. HP: 57/61 MP: 4/18
 10595 | D:7      | Reached skill level 5 in Fire Magic
 10852 | D:7      | Found a stormy altar of Qazlal.
 10897 | D:7      | Offered knowledge of Searing Ray by Vehumet.
 10950 | D:7      | Reached ** piety under Vehumet
 11273 | D:7      | Noticed an orange demon
 11390 | D:7      | Found a transporter.
 11396 | D:7      | Found a transporter.
 11396 | D:7      | Noticed wakim's ghost (novice TeAE)
 11897 | D:8      | Found a flagged portal.
 11914 | Bailey   | Entered a bailey
 12931 | Bailey   | Noticed a gargoyle
 12949 | Bailey   | Killed a gargoyle
 13331 | Bailey   | Identified the +8 broad axe of Gidoury {antimagic, Fly
                  | Str+2 SInv}
 13461 | Bailey   | Identified the +0 ring mail of Circular Logic {Harm Str+5}
 13463 | Bailey   | Identified the +1 plate armour of Noughts and Crosses {rN++
                  | Stlth+}
 13655 | D:8      | Noticed a two-headed ogre
 13745 | D:8      | Killed a two-headed ogre
 13746 | D:8      | Reached skill level 10 in Air Magic
 13755 | D:8      | Offered knowledge of Scorch by Vehumet.
 14098 | D:8      | Found an ancient bone altar of Kikubaaqudgha.
 14339 | D:8      | Noticed a seven-headed hydra
 14566 | D:8      | Slain by a seven-headed hydra

Illustrated notes

Levels and vault maps discovered:
D:1:      psy_arrival_radial02, layout_basic, chequers_decorated_corner,
          chequers_garden, minmay_misc_feat_rows
D:2:      layout_loops_ring
D:3:      kennysheep_goblin_castle, layout_basic, lemuel_coloured_pillars_altar,
          amcnicky_altar_gilded, mainiacjoe_overflow_cross_hatched,
          dreamdust_ecumenical_altar_drowned_temple,
          cheibrodos_sewer_entry_bend, minmay_ruptured
D:4:      minmay_opposing_rooms, layout_cave_pools,
          mainiacjoe_overflow_concentric_impassable, kennysheep_generic_room_15
D:5:      layout_loops_ring, nicolae_overflow_hidden_temple,
          minmay_temple_entry_offerings, serial_bayou, serial_bayou_pond_e,
          serial_bayou_pond_a, serial_bayou_pond_e, serial_bayou_pond_b,
          saegor_snake_ambush, uniq_duvessa
D:6:      layout_cave_pools, minmay_misc_feat_roman, minivault_4, minivault_27,
          uniq_edmund, uniq_blork_the_orc
D:7:      minmay_spotlight, layout_cave_pods, grunt_qazlal_clouds,
          gammafunk_ghost_abyssal_escape
D:8:      layout_loops_corners, mainiacjoe_overflow_surrounded_room,
          enter_bailey_2, nicolae_concentric_dashed_squares_wild,
          minmay_the_grid_2x2 [minmay_the_grid_pillar_ring,
          minmay_the_grid_garden, minmay_the_grid_expand,
          minmay_the_grid_prize_four_corners_diamond_a]
Temple:   dshaligram_water_room_temple

Skill      XL: |  1  2  3  4  5  6  7  8  9 10 |
---------------+-------------------------------+-----
Conjurations   | 2 3 4 5 6 8 9 |  9.3
Fighting       | 1 2 3 4 6 7 |  7.9
Air Magic      | 5 6 7 9 10 | 10.1
Spellcasting   | 3 4 5 |  5.7
Fire Magic     | 2 3 4 6 |  6.9
Poison Magic   | 1 3 4 |  4.0
Dodging        | |  2.1
Stealth        | |  2.0

Action                   |  1- 3 |  4- 6 |  7- 9 | 10-12 || total
-------------------------+-------+-------+-------+-------++-------
Melee: Short sword       |     2 |       |       |       ||     2
       Kick              |     4 |     6 |    13 |    16 ||    39
       Dagger            |     8 |    33 |     5 |       ||    46
       Punch             |     1 |       |     2 |     1 ||     4
       Peck              |       |     3 |     6 |    11 ||    20
       Staff             |       |       |    29 |    43 ||    72
 Cast: Shock             |    71 |    40 |    15 |     4 ||   130
       Static Discharge  |     5 |    29 |    25 |    22 ||    81
       Airstrike         |       |     2 |    14 |    10 ||    26
       Poisonous Vapours |       |       |    60 |    20 ||    80
       Ignite Poison     |       |       |    25 |    13 ||    38
       Sticky Flame      |       |       |     1 |    16 ||    17
  Use: Scroll            |       |     5 |     8 |     5 ||    18
       Potion            |       |       |     1 |       ||     1
 Stab: Sleeping          |       |     1 |       |     1 ||     2
       Distracted        |       |     1 |       |       ||     1
Armor: Robe              |     7 |     7 |       |       ||    14
       Leather armour    |       |       |    15 |    17 ||    32
Dodge: Dodged            |    16 |    48 |    71 |    65 ||   200

Table legend: (Time is in decaauts)
 A = Elapsed time spent in this place.
 B = Non-inter-level travel time spent in this place.
 C = Inter-level travel time spent in this place.
 D = Time resting spent in this place.
 E = Time spent auto-exploring this place.
 F = Levels seen in this place.
 G = Mean time per level.
                   A        B        C        D        E       F      G
               +--------+--------+--------+--------+--------+-----+--------+
         Total |  14076 |  13461 |    615 |   1347 |   9894 |  10 | 1407.6 |
       Dungeon |  12469 |  11862 |    607 |   1129 |   8873 |   8 | 1558.6 |
        Temple |     39 |     32 |      7 |      0 |      7 |   1 |   39.0 |
        Bailey |   1567 |   1567 |      0 |    218 |   1013 |   1 | 1567.0 |
               +--------+--------+--------+--------+--------+-----+--------+

Top non-repeatable levels by time:
     D:3: 2336 daAuts
     D:5: 1999 daAuts
     D:1: 1573 daAuts
  Bailey: 1567 daAuts
     D:7: 1503 daAuts
     D:2: 1372 daAuts
     D:6: 1344 daAuts
     D:4: 1199 daAuts
     D:8: 1140 daAuts
  Temple: 39 daAuts
